 Dungeon Crawl Stone Soup version 0.17-a0-1767-gccbed74 (webtiles) character file.

46 kosy22 the Ducker (level 3, -1/32 HPs)
             Began as a Troll Wizard on Sept 6, 2015.
             Slain by an adder (2 damage)
             ... on level 2 of the Dungeon.
             The game lasted 00:06:59 (1161 turns).

kosy22 the Ducker (Troll Wizard)                    Turns: 1161, Time: 00:06:59

Health: -1/32      AC:  5    Str: 15    XL:     3   Next: 44%
Magic:  1/5        EV: 10    Int: 15    God:
Gold:   41         SH:  0    Dex:  8    Spells: 3 memorised, 0 levels left

rFire  . . .     SeeInvis .     (no weapon)
rCold  . . .     Clarity  +     a - +0 robe
rNeg   . . .     SustAt   .     (no shield)
rPois  .         Gourm    +     b - +0 hat
rElec  .         Spirit   .     (no cloak)
rCorr  .         Warding  .     (gloves unavailable)
rMut   .         Stasis   .     (boots unavailable)
MR     .....                    h - amulet of clarity
Stlth  +.........               (no ring)
                                (no ring)

@: lethally poisoned (-1 -> -1), very slightly contaminated, not resistant to
hostile enchantments, very unstealthy
A: unfitting armour, claws 3, fast metabolism 3, gourmand, regeneration 2,
shaggy fur 1, tough skin 2
a: no special abilities


You were on level 2 of the Dungeon.
You were not hungry.

You visited 1 branch of the dungeon, and saw 2 of its levels.

You collected 41 gold pieces.

Inventory:

Armour
 a - a +0 robe (worn)
 b - a +0 hat (worn)
Jewellery
 h - an amulet of clarity (around neck)
Scrolls
 g - a scroll of magic mapping
Books
 c - a book of Minor Magic

   Spells                             Type                      Level
   a - Magic Dart                     Conjuration                  1
   b - Blink                          Translocation                2
   c - Call Imp                       Summoning                    2
   d - Repel Missiles                 Charms/Air                   2
   e - Slow                           Hexes                        2
   f - Conjure Flame                  Conjuration/Fire             3
   g - Mephitic Cloud                 Conjuration/Poison/Air       3
Comestibles
 f - a meat ration


   Skills:
 + Level 0.4 Fighting
 + Level 2.3 Dodging
 + Level 1.2 Stealth
 + Level 0.4 Unarmed Combat
 + Level 2.2 Spellcasting
 + Level 0.8 Conjurations
 + Level 0.6 Summonings
   Level 0.6 Translocations


You couldn't memorise any spells.
You knew the following spells:

 Your Spells              Type           Power        Failure   Level  Hunger
a - Magic Dart            Conj           #...         17%         1    #......
b - Mephitic Cloud        Conj/Pois/Air  #.......     69%         3    ###....
c - Call Imp              Summ           #.......     28%         2    ###....


Dungeon Overview and Level Annotations

Branches:
Dungeon (2/15)

Altars:


Innate Abilities, Weirdness & Mutations

You are too large for most types of armour.
You have claws for hands.
Your metabolism is lightning-fast.
You like to eat raw meat.
You heal very quickly.
You are covered in fur (AC +1).
You have very tough skin (AC +2).


Message History

You feel sick.
The adder closely misses your crimson imp.
The adder misses your crimson imp.
Your crimson imp misses the gnoll.
The gnoll hits you but does no damage.
Your crimson imp hits the adder.
You feel sick.
Your crimson imp hits the adder.
You feel sick. The gnoll barely misses you.
You feel sick.
You feel sick. The adder closely misses you.
You feel sick.
Your crimson imp blinks!
The adder bites you but does no damage. The gnoll hits you.
* * * LOW HITPOINT WARNING * * *
* * * LOW HITPOINT WARNING * * *
You feel sick. The adder barely misses you.
* * * LOW HITPOINT WARNING * * *
You feel sick. The adder bites you but does no damage.
You feel sick. The adder bites you.
You die...

♣♣.♣
#......
♣.♣♣
#......
♣.♣♣
#...###
♣..♣ #####
♣♣.♣ ♣♣♣
♣†♣
♣♣♣.♣♣♣♣.♣
♣..S.♣...♣
♣♣g.♣@....♣
♣..♣♣♣...♣♣
♣..♣ ♣.♣♣♣
♣♣.♣♣ ♣.♣
♣..♣ ♣♣♣
♣♣..♣ ♣.5♣♣
♣♣..♣ ♣
♣..♣♣


You could see an adder.

Vanquished Creatures
  An adder (D:2)
  An ooze (D:1)
  A giant gecko (D:2)
  5 bats (D:1)
  5 goblins (D:1)
  6 hobgoblins
  A ball python (D:1)
  3 kobolds (D:1)
  5 rats (D:1)
28 creatures vanquished.

Vanquished Creatures (collateral kills)
  A ball python (D:2)
1 creature vanquished.

Grand Total: 29 creatures vanquished

Notes
Turn   | Place    | Note
--------------------------------------------------------------
     0 | D:1      | kosy22 the Troll Wizard began the quest for the Orb.
     0 | D:1      | Reached XP level 1. HP: 16/16 MP: 2/2
   270 | D:1      | Reached XP level 2. HP: 19/24 MP: 2/4
   685 | D:1      | Reached XP level 3. HP: 29/31 MP: 1/5
   893 | D:1      | Learned a level 3 spell: Mephitic Cloud
   903 | D:1      | Learned a level 2 spell: Call Imp
  1154 | D:2      | HP: 1/32 [gnoll (1)]
  1159 | D:2      | HP: 1/32 [poisoned by an adder]
  1161 | D:2      | Slain by an adder

Vault maps used:
D:1:      tarquinn_simple_flora_water_f, minmay_door_square,
          minmay_splitting_lines
D:2:      forest_paths, minmay_misc_feat_room, nicolae_tso_swordbearing_angel,
          uniq_natasha, uniq_sigmund

Action                   || total
-------------------------++-------
Melee: Unarmed           ||   107
 Cast: Magic Dart        ||    20
       Call Imp          ||     3
       Mephitic Cloud    ||     1
  Use: Scroll            ||     3
       Potion            ||     1
 Stab: Confused          ||     1
  Eat: Bread ration      ||     2
